[Event "Team 45 45 League T63"]
[Site "Internet Chess Club"]
[Date "2014.12.06"]
[Round "2"]
[White "WillC"]
[Black "CaoCao"]
[Result "0-1"]
[WhiteElo "1753"]
[BlackElo "1920"]
[Opening "Réti: Nimzovich-Larsen attack"]
[ECO "A06"]
[Time "18:37:37"]
[TimeControl "2700+45"]

1. Nf3 d5 2. b3 c5 3. e3 Nc6 4. Bb2 Bg4 5. d4 cxd4 6. exd4 Nf6 7. Be2 e6 8. O-O
Bd6 9. Nbd2 O-O 10. Ne5 Bxe2 11. Qxe2 Rc8 12. a3 a6 13. c4 Bb8 14. c5 Bxe5 15.
dxe5 Nd7 16. b4 b6 17. cxb6 Qxb6 18. Nf3 Qb7 19. Rac1 Nb6 20. Nd2 Na4 21. Ba1
Na7 22. f4 Nb5 23. Nb1 Rxc1 24. Rxc1 Rc8 25. Qd1 Nb6 26. Rxc8+ Qxc8 27. Qd2 Qc4
28. h3 Qb3 29. Qc1 Nc4 30. Kh1 Nbxa3 31. Nxa3 Qxa3 32. Qe1 h6 33. f5 Qe3 34.
Qxe3 Nxe3 35. fxe6 fxe6 36. Bd4 Nc2 37. Bc5 d4 38. Kg1 d3 39. Kf2 Kf7 40. g3 h5
41. Bd6 Ke8 42. Bc5 Kd7 43. Bf8 g6 44. Kf3 Kc6 45. g4 hxg4+ 46. hxg4 Kd5 47. Bd6
Kc4 {White resigns} 0-1

[Event "Team 45 45 League T63"]
[Site "Internet Chess Club"]
[Date "2014.12.07"]
[Round "2"]
[White "Frankly"]
[Black "beitmery"]
[Result "0-1"]
[WhiteElo "1756"]
[BlackElo "1682"]
[Opening "Benkö gambit"]
[ECO "A57"]
[Time "13:31:23"]
[TimeControl "2700+45"]

1. d4 Nf6 2. c4 c5 3. d5 b5 4. Nf3 d6 5. cxb5 a6 6. b6 Qxb6 7. Nc3 g6 8. e4 Bg4
9. Be2 Bxf3 10. Bxf3 Bg7 11. O-O O-O 12. Rb1 Nbd7 13. Be3 Rfb8 14. Be2 Ne8 15.
f4 Nc7 16. Qc2 Bd4 17. Qd3 Bg7 18. Kh1 Nb5 19. Nxb5 axb5 20. a3 b4 21. Qc2 bxa3
22. bxa3 Qa5 23. a4 Qxa4 24. Qxa4 Rxa4 25. Bb5 Rxe4 26. Bg1 Nf6 27. Bd3 Reb4 28.
Rxb4 Rxb4 29. Ra1 Nxd5 30. Ra8+ Bf8 31. Bf2 Nxf4 {White resigns} 0-1

[Event "Team 45 45 League T63"]
[Site "Internet Chess Club"]
[Date "2014.12.06"]
[Round "2"]
[White "bondguy01"]
[Black "Constrictor"]
[Result "1/2-1/2"]
[WhiteElo "1766"]
[BlackElo "1675"]
[Opening "Budapest: Rubinstein variation"]
[ECO "A52"]
[Time "12:14:15"]
[TimeControl "2700+45"]

1. d4 Nf6 2. c4 e5 3. dxe5 Ng4 4. Bf4 Nc6 5. Nf3 Bb4+ 6. Nbd2 Qe7 7. e3 Ngxe5 8.
Nxe5 Nxe5 9. Be2 O-O 10. O-O d6 11. Nb3 b6 12. a3 Bc5 13. Nxc5 bxc5 14. b4 cxb4
15. axb4 f6 16. Qc2 Be6 17. Rfd1 Bg4 18. Bxg4 Nxg4 19. c5 dxc5 20. Qxc5 Qxc5 21.
bxc5 Ne5 22. Bxe5 fxe5 23. Rd7 Rf7 24. Rd5 Re7 25. e4 Kf7 26. Ra6 Ke8 27. c6 Rb8
28. f3 Rb6 29. Rxa7 Rxc6 30. Ra8+ Kf7 31. Raa5 Kf6 {Game drawn by mutual
agreement} 1/2-1/2